 Dungeon Crawl Stone Soup version 0.29-a0-1052-g6990b1bffc (webtiles) character file.

Game seed: 13841799688124267688

48 greasedhog the Chiller (level 3, -1/19 HPs)
             Began as a Gargoyle Ice Elementalist on Aug 17, 2022.
             Slain by a worm (8 damage)
             ... on level 2 of the Dungeon.
             The game lasted 00:02:21 (1622 turns).

greasedhog the Chiller (Gargoyle Ice Elementalist)  Turns: 1622, Time: 00:02:23

Health: -1/19      AC:  5    Str: 11    XL:     3   Next: 72%
Magic:  3/7        EV: 12    Int: 17    God:
Gold:   100        SH:  0    Dex: 10    Spells: 3/7 levels left

rFire   . . .      SeeInvis .   (no weapon)
rCold   . . .      Faith    .   (no shield)
rNeg    + . .      Spirit   .   a - +0 robe
rPois   ∞          Reflect  .   (no helmet)
rElec   +          Harm     .   (no cloak)
rCorr   .          Rampage  .   (no gloves)
Will    .....                   (no boots)
Stlth   ++........              (no amulet)
HPRegen 0.06/turn               (no ring)
MPRegen 0.10/turn               (no ring)

@: no status effects
A: sickness immunity, AC +3, negative energy resistance 1, electricity
resistance, torment resistance 1, petrification resistance
a: no special abilities


You were on level 2 of the Dungeon.
You visited 1 branch of the dungeon, and saw 2 of its levels.

You collected 100 gold pieces.

Inventory:

Armour
 a - a +0 robe (worn)
Scrolls
 c - a scroll of butterflies
 e - a scroll of enchant weapon
 h - a scroll of teleportation
Potions
 b - a potion of magic
 d - a potion of curing {unknown}
 g - a potion of berserk rage {unknown}


   Skills:
 - Level 2.0 Dodging
 - Level 2.7 Stealth
 * Level 2.7 Spellcasting
 * Level 4.4 Ice Magic


You had 3 spell levels left.
You knew the following spells:

 Your Spells              Type           Power      Damage    Failure   Level
a - Freeze                Ice            68%        1d8       3%          1
b - Frozen Ramparts       Ice            34%        1d6       9%          3

Your spell library contained the following spells:

 Spells                   Type           Power      Damage    Failure   Level
 Ozocubu's Armour         Ice            17%        N/A       9%          3
 Apportation              Tloc           4%         N/A       19%         1
 Necrotise                Necr           8%         1d4       19%         1
 Summon Small Mammal      Summ           8%         N/A       19%         1
 Confusing Touch          Hex            2%         N/A       47%         3
 Hailstorm                Conj/Ice       9%         3d4       58%         4
 Yara's Violent Unravell  Hex/Tmut       1%         3d3       99%         5
 Enfeeble                 Hex            1%         N/A       100%        7


Dungeon Overview and Level Annotations

Branches:
Dungeon (2/15)

Altars:


Innate Abilities, Weirdness & Mutations

You are immune to sickness and miasma.
Your stone body is resilient. (AC +3)
You are immune to poison.
You resist negative energy. (rN+)
You are resistant to electric shocks. (rElec)
You are resistant to unholy torment.
You are immune to petrification.


Message History

* * * LOW HITPOINT WARNING * * *
You hit the worm.
The worm is moderately wounded.
You see here a staff of poison.
Found a stone staircase leading up.
The ball python hisses angrily.
Found a scroll labelled ZIPPUSUSUNN.
You see here a book of Misfortune.
You pick up a book of Misfortune and begin reading...
You add the spells Confusing Touch, Yara's Violent Unravelling and Enfeeble to your library.
You are too injured to fight recklessly!
You are too injured to fight recklessly!
Casting: Freeze (safe; 3% risk of failure)
Confirm with . or Enter, or press ? or * to list all spells.
Aiming: Freeze (safe; 3% risk of failure)
Press: ? - help, Shift-Dir - straight line, f - ball python
Aim: a ball python You freeze the ball python!
You kill the ball python!
You start resting.
A worm is nearby!
There is a stone staircase leading up here.
You start resting.
A worm is nearby!
Casting: Freeze (safe; 3% risk of failure)
Confirm with . or Enter, or press ? or * to list all spells.
Aiming: Freeze (safe; 3% risk of failure)
Press: ? - help, Shift-Dir - straight line, f - worm
Aim: a worm You freeze the worm.
The worm is moderately wounded.
Casting: Freeze (safe; 3% risk of failure)
Confirm with . or Enter, or press ? or * to list all spells.
Aiming: Freeze (safe; 3% risk of failure)
Press: ? - help, Shift-Dir - straight line, f/p - worm
Aim: a worm (moderately wounded)
You freeze the worm.
The worm is heavily wounded.
The worm bites you!
You die...

.......#
..w....#######........#
......#......#........#
.............#...?....#
#######......#........#
# #####..####........#
# #....†.............#
# #...........w......#
# ##..........##@.#
###.....|.....##..#
.....w..........<##
####...>......#.## .
#....$....?<...
...................#
.............!......#
....................#
####................#


You could see a worm.

Vanquished Creatures
  2 adders (D:2)
  6 ball pythons
  3 endoplasms (D:1)
  4 goblins (D:1)
  2 hobgoblins
  4 bats
  3 frilled lizards
  5 kobolds
  2 rats
31 creatures vanquished.

Notes
Turn   | Place    | Note
-------+----------+-------------------------------------------
     0 | D:1      | greasedhog the Gargoyle Ice Elementalist began the quest
                  | for the Orb.
     0 | D:1      | Reached XP level 1. HP: 10/10 MP: 3/3
   162 | D:1      | Found a faded altar of an unknown god.
   410 | D:1      | Reached XP level 2. HP: 15/15 MP: 3/5
  1335 | D:2      | Reached XP level 3. HP: 19/19 MP: 4/6
  1339 | D:2      | Learned a level 3 spell: Frozen Ramparts
  1622 | D:2      | Slain by a worm

Illustrated notes

Levels and vault maps discovered:
D:1:      dpeg_arrival_concentric_ovals, layout_basic, basic_ecumenical_altar,
          minmay_heptomino_l4
D:2:      layout_rooms, st_stairs_8, uniq_terence

Skill      XL: |  1  2  3 |
---------------+----------+-----
Dodging        | 2 |  2.0
Stealth        | |  2.7
Spellcasting   | |  2.7
Ice Magic      | |  4.4

Action                   || total
-------------------------++-------
Melee: Unarmed           ||    25
       Punch             ||     1
 Cast: Freeze            ||    40
       Frozen Ramparts   ||     2
  Use: Scroll            ||     5
Armor: Robe              ||    16
Dodge: Dodged            ||    37

Table legend: (Time is in decaauts)
 A = Elapsed time spent in this place.
 B = Non-inter-level travel time spent in this place.
 C = Inter-level travel time spent in this place.
 D = Time resting spent in this place.
 E = Time spent auto-exploring this place.
 F = Levels seen in this place.
 G = Mean time per level.
                   A        B        C        D        E       F      G
               +--------+--------+--------+--------+--------+-----+--------+
         Total |   1621 |   1595 |     26 |     13 |   1362 |   2 |  810.5 |
       Dungeon |   1621 |   1595 |     26 |     13 |   1362 |   2 |  810.5 |
               +--------+--------+--------+--------+--------+-----+--------+

Top non-repeatable levels by time:
     D:1: 1223 daAuts
     D:2: 398 daAuts
